 Dungeon Crawl Stone Soup version 0.31-a0-865-g3d5d91748a (webtiles) character file.

Game seed: 6067341844212960570

1901 cforsyth the Fighter (level 9, -1/70 HPs)
             Began as a Djinni Necromancer on Oct 11, 2023.
             Was an Initiate of Hepliaklqana.
             Killed by divine providence
             ... invoked by an orc priest
              (12 damage)
             ... on level 7 of the Dungeon.
             The game lasted 00:11:56 (7460 turns).

cforsyth the Fighter (Djinni Necromancer)           Turns: 7460, Time: 00:11:56

Health: -1/70      AC:  5    Str:  7    XL:     9   Next: 38%
Gold:   87         EV: 17    Int: 20    God:    Hepliaklqana [......] SH:  0 Dex: 15

rFire   + + .        x - +3 spear (flame)
rCold   + . .        (no shield)
rNeg    . . .        v - +2 robe of Compassion {rC+}
rPois   ∞            j - +0 helmet
rElec   .            (no cloak)
rCorr   .            (no gloves)
SInv    .            (boots unavailable)
Will    .....        (no amulet)
Stlth   ++           o - +5 ring of evasion
HPRegen 0.31/turn    l - ring of protection from cold
MPRegen 0.00/turn

%: infuse magic (-2 HP)
@: attractive, flying
A: sickness immunity, fire resistance 2, cold vulnerability 1, float, innate
caster, HP casting, extra vitality 1
a: Renounce Religion


You were on level 7 of the Dungeon.
You worshipped Hepliaklqana.
Hepliaklqana was noncommittal.
You visited 2 branches of the dungeon, and saw 8 of its levels.

You collected 183 gold pieces.
You spent 96 gold pieces at shops.

Inventory:

Hand Weapons
 x - a +3 spear of flaming (weapon)
Missiles
 u - 2 throwing nets
Armour
 j - a +0 helmet (worn)
 v - the +2 robe of Compassion (worn) {rC+}
   (You bought it in a shop on level 4 of the Dungeon)

   rC+:       It protects you from cold.
Jewellery
 i - a ring of see invisible
 l - a ring of protection from cold (right hand)
 o - a +5 ring of evasion (left hand)
 q - a +6 ring of intelligence
Wands
 f - a wand of charming (9)
Scrolls
 g - 2 scrolls of fog
 k - 2 scrolls of immolation
 m - 2 scrolls of enchant armour {unknown}
 n - a scroll of silence {unknown}
 p - 2 scrolls of teleportation {unknown}
 s - a scroll of vulnerability {unknown}
Potions
 a - a potion of lignification
 c - 2 potions of resistance
 e - a potion of berserk rage
 h - a potion of cancellation
 r - a potion of curing
 t - a potion of mutation
 w - a potion of brilliance
 z - a potion of attraction


   Skills:
 + Level 8.1 Fighting
 - Level 2.1 Dodging
 - Level 1.5 Stealth
 + Level 7.0 Spellcasting
 + Level 7.0 Conjurations
 + Level 7.0 Hexes
 + Level 7.0 Summonings
 + Level 7.0 Necromancy
 + Level 7.0 Translocations
 + Level 7.0 Transmutations
 + Level 7.0 Fire Magic
 + Level 7.0 Ice Magic
 + Level 7.0 Air Magic
 + Level 7.0 Earth Magic
 + Level 7.0 Poison Magic


You knew the following spells:

 Your Spells              Type           Power      Damage    Failure   Level
a - Necrotise             Necr           100%       1d9       1%          1
b - Vampiric Draining     Necr           35%        2d8       1%          3
c - Animate Dead          Necr           35%        N/A       5%          4
d - Agony                 Necr           35%        N/A       14%         5
e - Apportation           Tloc           70%        N/A       1%          1
f - Momentum Strike       Conj/Tloc      70%        3d9       1%          2
g - Lesser Beckoning      Tloc           70%        N/A       1%          2
h - Leda's Liquefaction   Hex/Erth       17%        N/A       5%          4
Your spell library was empty.

Dungeon Overview and Level Annotations

Branches:
Dungeon (7/15)             Temple (1/1) D:7

Altars:
Ashenzari
Dithmenos
Elyvilon
Fedhas
Gozag
Hepliaklqana
Nemelex Xobeh
Okawaru
Ru
Trog
Uskayaw
Wu Jian
Zin

Shops:
D:2 :   D:4 [**

Annotations:
D:5 1 runed translucent door, Crazy Yiuf


Innate Abilities, Weirdness & Mutations

You are immune to sickness and miasma.
You are immune to poison.
Your flesh is very heat resistant. (rF++)
You are vulnerable to cold. (rC-)
You float through the air rather than walking.
You learn spells naturally, not from books.
Your magical power is your life essence.
You have superior vitality. (+4 MHP)


Message History

What are your orders? t - Shout!
Orders for allies: a - Attack new target. p - Attack previous target. r - Retreat! s - Stop attacking. g - Guard the area. f - Follow me.
Anything else - Cancel.
Gang up on whom?
Press: ? - help, Dir - move target, f - bullfrog, p - orc warrior
Aim: a bullfrog Attack!
The bullfrog hits your orc warrior but does no damage.
An orc wizard comes into view. It is wielding a +0 dagger. x2
The bullfrog hits your orc warrior.
Your orc warrior barely misses the bullfrog.
Your water moccasin skeleton bites the bullfrog.
The orc wizard gestures wildly while chanting.
The orc wizard flickers and vanishes!
Deactivating autopickup; reactivate with Ctrl-A.
The bullfrog barely misses your orc warrior.
Your water moccasin skeleton barely misses the bullfrog.
It was a potion of attraction.
You feel attractive to monsters. The bullfrog hits your orc warrior.
An orc priest comes into view. It is wielding a +0 club.
An orc comes into view. It is wielding a +0 dagger.
Your orc warrior hits the bullfrog with a +0 heavy dire flail!
Your water moccasin skeleton misses the bullfrog.
The bullfrog hits your orc warrior. The orc wizard is attracted toward you.
Something is attracted toward you. The orc priest is attracted toward you.
An orc priest comes into view. It is wielding a +0 dagger.
The bullfrog hits your orc warrior but does no damage.
Your water moccasin skeleton bites the bullfrog.
Your orc warrior closely misses the bullfrog.
The orc priest is attracted toward you. x2
The bullfrog hits your orc warrior but does no damage.
Your water moccasin skeleton bites the bullfrog.
The bullfrog dies!
The orc priest calls down the wrath of Beogh upon you.
Beogh smites you!
You die...

*,,,,,,,,,,**,,,,,,******,,,,,,,,
*,,,,,,,,,,********* *,,,,,,,,
*,,,,,,,,§,* *,,,,,,,,
*,,,,,,,,..##############,,,,,,,,
*,,,,,,,,..o{...........,,,,,,,,,
******,,,...oo.#.#....#**,,,,,,,,
*,,,.o.oo#Z#.#..#* *********
*,,,..>.#.#.#.#.## *
*,,,...?.#o@.#...#
*,,,....#.#.#.#..#
*,,,.....#.#.#...#
*,,,......#.#....#
****#............#
##...#######.## ####* #.)####
##....#### ####....####


You could see 3 orc priests, an orc wizard, 2 orcs, a friendly orc warrior
(charmed, unaware) and a friendly water moccasin skeleton.

Vanquished Creatures
  Sigmund (D:2)
  A water moccasin (D:7)
  An orc warrior (D:6)
  An ice beast (D:6)
  3 ogres
  A black bear (D:5)
  A kobold brigand (D:6)
  A bullfrog (D:6)
  A scorpion (D:5)
  A vampire bat (D:4)
  4 killer bees
  A howler monkey (D:6)
  3 hounds
  A jelly (D:5)
  3 orc priests
  A gnoll bouda (D:5)
  2 orc wizards
  2 iguanas
  6 adders
  8 gnolls
  An ufetubus (D:4)
  A worm (D:2)
  2 dart slugs
  3 fire bats (D:4)
  12 orcs
  A spectral bat (D:4)
  A bat skeleton (D:4)
  6 endoplasms
  4 giant cockroaches
  A goblin (D:1)
  3 hobgoblins
  2 jackals (D:2)
  7 kobolds
  2 quokkas
  6 ball pythons
  13 bats
  2 frilled lizards (D:2)
  A rat (D:2)
111 creatures vanquished.

Vanquished Creatures (collateral kills)
  A bullfrog (D:7)
  An orc wizard (D:6)
  An adder (D:6)
  A spectral bat (D:4)
  2 bat skeletons (D:4)
  A bat zombie (D:4)
  A hobgoblin (D:2)
  A bat simulacrum (D:4)
9 creatures vanquished.

Vanquished Creatures (others)
  An adder (D:2)
1 creature vanquished.

Grand Total: 121 creatures vanquished

Notes
Turn   | Place    | Note
-------+----------+-------------------------------------------
     0 | D:1      | cforsyth the Djinni Necromancer began the quest for the
                  | Orb.
     0 | D:1      | cforsyth set off with the following spells memorised:
                  | Necrotise, Vampiric Draining, Animate Dead, Agony.
     0 | D:1      | Reached XP level 1. HP: 15/15 MP: 0/0
   170 | D:1      | Reached XP level 2. HP: 21/22 MP: 0/0
   490 | D:2      | Reached skill level 1 in Fighting
   694 | D:2      | Reached XP level 3. HP: 25/27 MP: 0/0
   694 | D:2      | Learned a level 1 spell: Apportation
   837 | D:2      | Found Woeja's Book Shop.
   851 | D:2      | Noticed Sigmund
  1098 | D:3      | Reached skill level 2 in Fighting
  1098 | D:3      | Reached XP level 4. HP: 26/33 MP: 0/0
  2724 | D:2      | Reached XP level 5. HP: 38/39 MP: 0/0
  2724 | D:2      | Learned a level 2 spell: Momentum Strike
  2749 | D:2      | Killed Sigmund
  2750 | D:2      | Reached skill level 4 in Fighting
  2750 | D:2      | Reached XP level 6. HP: 15/47 MP: 0/0
  3262 | D:4      | Found Kiniutyu's Antique Armour Emporium.
  3292 | D:4      | Bought a bloodstained robe for 96 gold pieces
  3292 | D:4      | Identified the +2 robe of Compassion {rC+} (You bought it
                  | in a shop on level 4 of the Dungeon)
  3322 | D:4      | Found Plog's General Store.
  3344 | D:3      | Reached XP level 7. HP: 29/53 MP: 0/0
  3344 | D:3      | Learned a level 2 spell: Lesser Beckoning
  3348 | D:3      | Reached skill level 5 in Spellcasting
  3348 | D:3      | Reached skill level 5 in Conjurations
  3348 | D:3      | Reached skill level 5 in Hexes
  3348 | D:3      | Reached skill level 5 in Summonings
  3348 | D:3      | Reached skill level 5 in Necromancy
  3348 | D:3      | Reached skill level 5 in Translocations
  3348 | D:3      | Reached skill level 5 in Transmutations
  3348 | D:3      | Reached skill level 5 in Fire Magic
  3348 | D:3      | Reached skill level 5 in Ice Magic
  3348 | D:3      | Reached skill level 5 in Air Magic
  3348 | D:3      | Reached skill level 5 in Earth Magic
  3348 | D:3      | Reached skill level 5 in Poison Magic
  4153 | D:4      | Found Gemeal's Weapon Boutique.
  4190 | D:4      | Reached skill level 5 in Fighting
  4260 | D:4      | Found Zin's Purification Station.
  4263 | D:4      | Found a glowing silver altar of Zin.
  4391 | D:5      | Entered Level 5 of the Dungeon
  4638 | D:5      | Reached XP level 8. HP: 54/60 MP: 0/0
  5163 | D:5      | Reached skill level 6 in Fighting
  5612 | D:5      | Found a runed translucent door.
  5613 | D:5      | Noticed Crazy Yiuf
  6077 | D:6      | Reached skill level 7 in Fighting
  6085 | D:6      | Reached XP level 9. HP: 50/68 MP: 0/0
  6085 | D:6      | Learned a level 4 spell: Leda's Liquefaction
  7148 | D:6      | Reached skill level 8 in Fighting
  7402 | D:7      | Found a staircase to the Ecumenical Temple.
  7412 | Temple   | Entered the Ecumenical Temple
  7429 | Temple   | Became a worshipper of Hepliaklqana the Forgotten
  7460 | D:7      | Killed from afar by an orc priest

Illustrated notes

Levels and vault maps discovered:
D:1:      tarquinn_simple_flora_water_c, layout_rooms, minmay_misc_feat_rows
D:2:      layout_basic, serial_shops, nicolae_shop_tiny_real_fake_doors,
          uniq_sigmund
D:3:      layout_basic, chequers_serial_rivers_marsh, serial_park_tiny_pond
D:4:      layout_basic, zin_purify, serial_shops, shop, shop, shop,
          goddamned_bats
D:5:      layout_basic, kennysheep_orc_sif_temple, uniq_crazy_yiuf_cottage
D:6:      layout_basic, tso_altar
D:7:      layout_basic, minmay_temple_entry_grid, enter_bailey_2, uniq_menkaure
Temple:   eino_temple_water

Skill      XL: |  1  2  3  4  5  6  7  8  9 |
---------------+----------------------------+-----
Fighting       | 1 2 4 5 7 8 |  8.1
Spellcasting   | 4 5 6 7 |  7.0
Conjurations   | 4 5 6 7 |  7.0
Hexes          | 4 5 6 7 |  7.0
Summonings     | 4 5 6 7 |  7.0
Necromancy     | 4 5 6 7 |  7.0
Translocations | 4 5 6 7 |  7.0
Transmutations | 4 5 6 7 |  7.0
Fire Magic     | 4 5 6 7 |  7.0
Ice Magic      | 4 5 6 7 |  7.0
Air Magic      | 4 5 6 7 |  7.0
Earth Magic    | 4 5 6 7 |  7.0
Poison Magic   | 4 5 6 7 |  7.0
Dodging        | |  2.1
Stealth        | |  1.5

Action                     |  1- 3 |  4- 6 |  7- 9 || total
---------------------------+-------+-------+-------++-------
  Melee: Unarmed           |       |     2 |       ||     2
         Spear             |       |       |    24 ||    24
         Punch             |       |       |     1 ||     1
   Cast: Necrotise         |    44 |    76 |   193 ||   313
         Momentum Strike   |       |       |     5 ||     5
         Lesser Beckoning  |       |       |     1 ||     1
         Leda's Liquefacti |       |       |     1 ||     1
  Evoke: Wand              |     1 |     1 |     1 ||     3
    Use: Potion            |       |     1 |     2 ||     3
         Scroll            |       |       |     8 ||     8
   Stab: Sleeping          |       |       |     1 ||     1
 Armour: Robe              |     9 |    22 |   103 ||   134
  Dodge: Dodged            |     9 |    39 |   224 ||   272

Table legend: (Time is in decaauts)
 A = Elapsed time spent in this place.
 B = Non-inter-level travel time spent in this place.
 C = Inter-level travel time spent in this place.
 D = Time resting spent in this place.
 E = Time spent auto-exploring this place.
 F = Levels seen in this place.
 G = Mean time per level.
                   A        B        C        D        E       F      G
               +--------+--------+--------+--------+--------+-----+--------+
         Total |   7465 |   6907 |    558 |   1176 |   4561 |   8 |  933.1 |
       Dungeon |   7430 |   6905 |    525 |   1176 |   4561 |   7 | 1061.4 |
        Temple |     34 |      1 |     33 |      0 |      0 |   1 |   34.0 |
               +--------+--------+--------+--------+--------+-----+--------+

Top non-repeatable levels by time:
     D:4: 1872 daAuts
     D:3: 1740 daAuts
     D:5: 1168 daAuts
     D:2: 1160 daAuts
     D:6: 958 daAuts
     D:1: 483 daAuts
     D:7: 48 daAuts
  Temple: 34 daAuts
